 Dungeon Crawl Stone Soup version 0.30-a0-1124-g6e8f0f562f (webtiles) character file.

Game seed: 13630042161249226

288 NotreDorf the Magician (level 6, -1/41 HPs)
             Began as a Mummy Conjurer on Apr 23, 2023.
             Slain by Duvessa
             ... wielding a +0 rapier
              (12 damage)
             ... on level 4 of the Dungeon.
             The game lasted 00:14:00 (4478 turns).

NotreDorf the Magician (Mummy Conjurer)             Turns: 4478, Time: 00:14:01

Health: -1/41      AC:  6    Str: 10    XL:     6   Next: 9%
Magic:  10/23      EV: 11    Int: 20    God:
Gold:   124        SH:  0    Dex: 10    Spells: 4/15 levels left

rFire   x . .        e - +0 war axe
rCold   + . .        (no shield)
rNeg    + + +        a - +0 robe
rPois   ∞            (no helmet)
rElec   .            (no cloak)
rCorr   .            (no gloves)
SInv    .            (no boots)
Will    .....        (no amulet)
Stlth   ++           k - ring of magical power
HPRegen 0.26/turn    l - +4 ring of protection
MPRegen 0.18/turn

%: faith
@: no status effects
A: cold resistance 1, negative energy resistance 3, torment resistance 2, heat
vulnerability 1, in touch with death 1, no potions, faith
a: no special abilities


You were on level 4 of the Dungeon.
You visited 2 branches of the dungeon, and saw 5 of its levels.

You collected 124 gold pieces.

Inventory:

Hand Weapons
 e - a +0 war axe (weapon)
Missiles
 d - 32 stones (quivered)
 g - 5 poisoned darts
Armour
 a - a +0 robe (worn)
Jewellery
 k - a ring of magical power (left hand)
 l - a +4 ring of protection (right hand)
Scrolls
 b - 3 scrolls of enchant armour {unknown}
 c - 2 scrolls of magic mapping {unknown}
 f - a scroll of poison {unknown}
 h - a scroll of blinking {unknown}
 i - 2 scrolls of amnesia {unknown}
 j - 3 scrolls of identify {unknown}


   Skills:
 - Level 1.5 Dodging
 - Level 1.5 Stealth
 + Level 5.4 Spellcasting
 + Level 4.6 Conjurations
 + Level 2.0 Hexes


You had 4 spell levels left.
You knew the following spells:

 Your Spells              Type           Power      Damage    Failure   Level
a - Magic Dart            Conj           96%        1d7       1%          1
b - Searing Ray           Conj           48%        2d6       2%          2
c - Fulminant Prism       Conj/Hex       9%         3d7       28%         4
d - Iskenderun's Mystic   Conj/Tloc      14%        2d5       38%         4

Your spell library contained the following spells:

 Spells                   Type           Power      Damage    Failure   Level
 Dazzling Flash           Conj/Hex       36%        N/A       9%          3
 Tukima's Dance           Hex            13%        N/A       14%         3
 Portal Projectile        Hex/Tloc       18%        N/A       22%         3
 Blade Hands              Tmut           Unusable   N/A       N/A         5
 Borgnjor's Revivificati  Necr           Unusable   N/A       N/A         8
 Necromutation            Tmut/Necr      Unusable   N/A       N/A         8
 Death's Door             Necr           Unusable   N/A       N/A         9

Dungeon Overview and Level Annotations

Branches:
Dungeon (4/15)             Temple (1/1) D:4

Altars:
Fedhas
Gozag
Kikubaaqudgha
Sif Muna
Wu Jian
Xom
Yredelemnul

Annotations:
D:4 Duvessa


Innate Abilities, Weirdness & Mutations

You are immune to poison.
Your flesh is cold resistant. (rC+)
You are immune to negative energy. (rN+++)
You are immune to unholy pain and torment.
You are vulnerable to heat. (rF-)
You are in touch with the powers of death.
You do not drink.
You have a special connection with the divine. (Faith)


Message History

The magic dart hits Duvessa.
Duvessa is lightly wounded.
Casting: Magic Dart (safe; 1% risk of failure)
Confirm with . or Enter, or press ? or * to list all spells.
Aiming: Searing Ray (safe; 2% risk of failure)
Press: ? - help, Shift-Dir - straight line, f/p - Duvessa
Aim: Duvessa, wielding a +0 rapier and wearing a +0 scale mail (lightly wounded, berserk, 85% to hit)
The searing ray hits Duvessa.
Duvessa is lightly wounded. (Press . to maintain the ray.)
The searing ray hits Duvessa.
Duvessa is lightly wounded.
The searing ray hits Duvessa.
Duvessa is moderately wounded.
Duvessa hits you with a +0 rapier!
The searing ray hits Duvessa.
Duvessa is moderately wounded.
You finish channelling your searing ray.
Duvessa closely misses you. Duvessa misses you.
Casting: Searing Ray (safe; 2% risk of failure)
Confirm with . or Enter, or press ? or * to list all spells.
Aiming: Searing Ray (safe; 2% risk of failure)
Press: ? - help, Shift-Dir - straight line, f/p - Duvessa
Aim: Duvessa, wielding a +0 rapier and wearing a +0 scale mail (moderately wounded, berserk, 85% to hit)
The searing ray hits Duvessa.
Duvessa is moderately wounded. (Press . to maintain the ray.) Duvessa hits you with a +0 rapier.
The searing ray hits Duvessa but does no damage.
Duvessa is moderately wounded.
Duvessa completely misses you. Duvessa hits you with a +0 rapier!
The searing ray hits Duvessa!
Duvessa is heavily wounded.
Duvessa hits you with a +0 rapier.
* * * LOW HITPOINT WARNING * * *
The searing ray hits Duvessa.
Duvessa is severely wounded.
You finish channelling your searing ray.
Duvessa hits you with a +0 rapier!
You die...

######..........#########
####...####........##
#...# ###..)......
#...###.#).....###
#...##...##....##
#...#....##...≈≈#
#....>...###..§≈##
#........###.≈≈≈≈#
#@.......##§§.≈≈≈#
#e.......##§≈≈.≈##
#).......###≈§≈##
##........# ##.##
#....#....####'###
#.......#.[..##8...8#
.........†# ... #.....#
.#......#..# .. #..>..#
#........#..# #.....#


You could see Duvessa (berserk).

Vanquished Creatures
  A scorpion (D:4)
  Dowan (D:4)
  A hound (D:3)
  An orc wizard (D:2)
  3 gnolls (D:4)
  2 adders (D:2)
  A worm (D:2)
  4 orcs
  13 ball pythons
  7 endoplasms
  4 giant cockroaches
  7 goblins
  3 hobgoblins
  6 jackals (D:4)
  4 kobolds
  3 quokkas
  4 bats
  2 frilled lizards
  2 rats
69 creatures vanquished.

Notes
Turn   | Place    | Note
-------+----------+-------------------------------------------
     0 | D:1      | NotreDorf the Mummy Conjurer began the quest for the Orb.
     0 | D:1      | Reached XP level 1. HP: 13/13 MP: 4/4
   185 | D:1      | Reached skill level 3 in Spellcasting
   212 | D:1      | Reached XP level 2. HP: 19/19 MP: 1/6
  1032 | D:1      | Gained mutation: You are in touch with the powers of death.
                  | [Mummy growth]
  1032 | D:1      | Reached XP level 3. HP: 24/24 MP: 5/8
  1492 | D:1      | Learned a level 2 spell: Searing Ray
  1759 | D:2      | Found a faded altar of an unknown god.
  1965 | D:2      | Reached skill level 4 in Spellcasting
  2564 | D:2      | Reached XP level 4. HP: 30/30 MP: 1/10
  2862 | D:3      | Learned a level 4 spell: Fulminant Prism
  2867 | D:3      | Learned a level 4 spell: Iskenderun's Mystic Blast
  3852 | D:4      | Reached XP level 5. HP: 35/35 MP: 12/12
  3872 | D:4      | Reached skill level 1 in Hexes
  4018 | D:4      | Reached skill level 5 in Spellcasting
  4243 | D:4      | Found a staircase to the Ecumenical Temple.
  4249 | Temple   | Entered the Ecumenical Temple
  4444 | D:4      | Noticed Dowan
  4453 | D:4      | Killed Dowan
  4454 | D:4      | Reached XP level 6. HP: 41/41 MP: 14/14
  4468 | D:4      | Noticed Duvessa
  4478 | D:4      | Slain by Duvessa

Illustrated notes

Levels and vault maps discovered:
D:1:      dpeg_arrival_signposts, layout_loops_ring
D:2:      layout_loops_corners, shapermc_ecumenical_altar_mp_ritualfount
D:3:      layout_loops_corners, hangedman_decor_clover_reticule
D:4:      layout_cave_pods, mainiacjoe_overflow_two_lobes,
          minmay_temple_entry_fiery, uniq_duvessa, uniq_eustachio
Temple:   nicolae_temple_ecumenical_triangle

Skill      XL: |  1  2  3  4  5 |
---------------+----------------+-----
Spellcasting   | 3 4 5 |  5.4
Conjurations   | 4 |  4.6
Hexes          | 2 |  2.0
Dodging        | |  1.5
Stealth        | |  1.5

Action                     |  1- 3 |  4- 6 || total
---------------------------+-------+-------++-------
  Melee: Club              |     5 |       ||     5
         Mace              |     3 |       ||     3
         War axe           |       |     1 ||     1
  Throw: Stone             |     8 |       ||     8
   Cast: Magic Dart        |    91 |    60 ||   151
         Searing Ray       |     1 |     6 ||     7
 Armour: Robe              |     3 |     2 ||     5
  Dodge: Dodged            |    10 |     9 ||    19

Table legend: (Time is in decaauts)
 A = Elapsed time spent in this place.
 B = Non-inter-level travel time spent in this place.
 C = Inter-level travel time spent in this place.
 D = Time resting spent in this place.
 E = Time spent auto-exploring this place.
 F = Levels seen in this place.
 G = Mean time per level.
                   A        B        C        D        E       F      G
               +--------+--------+--------+--------+--------+-----+--------+
         Total |   4479 |   4245 |    234 |    239 |   3510 |   5 |  895.8 |
       Dungeon |   4421 |   4192 |    229 |    239 |   3510 |   4 | 1105.2 |
        Temple |     57 |     52 |      5 |      0 |      0 |   1 |   57.0 |
               +--------+--------+--------+--------+--------+-----+--------+

Top non-repeatable levels by time:
     D:1: 1593 daAuts
     D:2: 1172 daAuts
     D:3: 946 daAuts
     D:4: 710 daAuts
  Temple: 57 daAuts
